 Dungeon Sprint DCSS version 0.20.1-1-g8b1a95d (webtiles) character file.

65 JustSomeDude the Firebug (level 3, 0/26 HPs)
             Began as a Draconian Fire Elementalist on Aug 29, 2017.
             Was an Initiate of Vehumet.
             Slain by a hornet (5 damage)
             ... in the Dungeon (Sprint IX: "|||||||||||||||||||||||||||||").
             The game lasted 00:02:59 (483 turns).

JustSomeDude the Firebug (DrFE)                      Turns: 483, Time: 00:02:59

Health: 0/26       AC:  8    Str: 10    XL:     3   Next: 94%
Magic:  1/7        EV: 13    Int: 19    God:    Vehumet [......]
Gold:   0          SH:  0    Dex: 11    Spells: 6/7 levels left

rFire    . . .     SeeInvis .   r - staff of energy
rCold    . . .     Gourm    .   (no shield)
rNeg     . . .     Faith    .   (armour unavailable)
rPois    .         Spirit   .   (helmet restricted)
rElec    .         Reflect  .   (no cloak)
rCorr    .         Harm     .   q - +0 pair of gloves
MR       .....     NoTele   +   (no boots)
Stlth    ++........             (no amulet)
Regen    0.1/turn               n - +3 ring of intelligence
MPRegen  0.1/turn               m - +2 ring of protection

@: lethally poisoned (0 -> -11), very slightly contaminated, slowed, very slow
A: unfitting armour, cold-blooded, AC +5
a: Renounce Religion


You were in the Dungeon.
You worshipped Vehumet.
Vehumet was noncommittal.
You were not hungry.

You visited 1 branch

Inventory:

Armour
 q - a +0 pair of gloves (worn)
Magical Staves
 r - an uncursed staff of energy (weapon)
Jewellery
 m - a +2 ring of protection (right hand)
 n - a +3 ring of intelligence (left hand)
Wands
 l - a wand of acid (7/15)
Scrolls
 h - 2 scrolls of blinking
 j - 3 scrolls of remove curse
 k - 2 scrolls of amnesia
Potions
 c - 5 potions of curing
 e - a potion of haste
 f - 4 potions of magic
 g - a potion of invisibility
 i - 2 potions of heal wounds
Books
 a - a book of Flames

   Spells                             Type                      Level
   a - Flame Tongue                   Conjuration/Fire             1
   b - Throw Flame                    Conjuration/Fire             2
   c - Conjure Flame                  Conjuration/Fire             3
   d - Inner Flame                    Hexes/Fire                   3
   e - Sticky Flame                   Conjuration/Fire             4
   f - Fireball                       Conjuration/Fire             5
Comestibles
 b - a bread ration
 d - 2 chunks of flesh


   Skills:
 + Level 3.5 Dodging
 + Level 2.9 Stealth
 + Level 2.8 Unarmed Combat
 + Level 2.7 Spellcasting
 + Level 1.6 Conjurations
 + Level 5.7 Fire Magic


You had 6 spell levels left.
You knew the following spells:

 Your Spells              Type           Power        Failure   Level  Hunger
a - Flame Tongue          Conj/Fire      ###..        3%          1    None


Dungeon Overview and Level Annotations

Branches:
Dungeon (1/1)

Altars:
Cheibriados
Dithmenos
Elyvilon
Fedhas
Gozag
Hepliaklqana
Kikubaaqudgha
Makhleb
Nemelex Xobeh
Okawaru
Qazlal
Ru
Sif Muna
Trog
Uskayaw
Vehumet
Xom
Yredelemnul
Zin
The Shining One
Beogh
Jiyva
Lugonu


Innate Abilities, Weirdness & Mutations

Your plain brown scales are hard. (AC +5)
You cannot fit into any form of body armour.
You are cold-blooded and may be slowed by cold attacks.


Message History

The hornet is heavily wounded.
The hornet stings you!
You suddenly lose the ability to move!
The hornet stings you.
You feel yourself slow down. The hornet stings you.
* * * LOW HITPOINT WARNING * * *
You are lethally poisoned!
You feel as though you will be slow longer.
You can move again.
Unknown command.
Unknown command.
Unknown command.
Casting: Flame Tongue
Confirm with . or Enter, or press ? or * to list all spells.
Aiming: Flame Tongue
Press: ? - help, Shift-Dir - straight line, f/p - hornet
Aim: a hornet (heavily wounded)
The flame tongue hits the hornet.
The hornet is heavily wounded.
* * * LOW HITPOINT WARNING * * *
You feel sick. The hornet misses you. The hornet stings you.
You die... ▓▓▓▓▓▓▓▓▓▓▓▓▓▓▓▓▓▓▓▓▓▓▓▓ __.____'...).[..@yHZYY.. ▓▓▓▓▓▓▓▓▓▓▓▓▓▓▓▓▓▓▓▓▓▓▓▓

You could see a hippogriff, a yak, a hornet, an ice beast and a jackal zombie.

Vanquished Creatures
  A scorpion (D)
  A dart slug (D)
  A leopard gecko (D)
  2 orcs (D)
  A bat skeleton (D)
  A hobgoblin (D)
  3 bats (D)
  A jackal skeleton (D)
11 creatures vanquished.

Vanquished Creatures (others)
  A spatial maelstrom (D)
1 creature vanquished.

Grand Total: 12 creatures vanquished

Notes
Turn   | Place    | Note
-------+----------+-------------------------------------------
     0 | D        | JustSomeDude the Draconian Fire Elementalist began the quest for the Orb.
     0 | D        | Reached XP level 1. HP: 14/14 MP: 3/3
     8 | D        | Banished a spatial maelstrom
    42 | D        | Reached skill level 4 in Fire Magic
   355 | D        | Noticed a scorpion
   366 | D        | Killed a scorpion
   366 | D        | Reached skill level 5 in Fire Magic
   366 | D        | Reached XP level 2. HP: 20/20 MP: 0/5
   366 | D        | Reached XP level 3. HP: 26/26 MP: 0/7
   407 | D        | Found a roughly hewn altar of Beogh.
   407 | D        | Found a snail-covered altar of Cheibriados.
   407 | D        | Found a shadowy altar of Dithmenos.
   407 | D        | Found a white marble altar of Elyvilon.
   407 | D        | Found a blossoming altar of Fedhas.
   407 | D        | Found an opulent altar of Gozag.
   408 | D        | Found a hazy altar of Hepliaklqana.
   409 | D        | Found a viscous altar of Jiyva.
   410 | D        | Found an ancient bone altar of Kikubaaqudgha.
   411 | D        | Found a corrupted altar of Lugonu.
   412 | D        | Found a burning altar of Makhleb.
   413 | D        | Found a sparkling altar of Nemelex Xobeh.
   414 | D        | Found an iron altar of Okawaru.
   415 | D        | Found a stormy altar of Qazlal.
   416 | D        | Found a sacrificial altar of Ru.
   417 | D        | Found a deep blue altar of Sif Muna.
   418 | D        | Found a bloodstained altar of Trog.
   419 | D        | Found a hide-covered altar of Uskayaw.
   420 | D        | Found a radiant altar of Vehumet.
   422 | D        | Found a shimmering altar of Xom.
   423 | D        | Found a basalt altar of Yredelemnul.
   424 | D        | Found a glowing silver altar of Zin.
   425 | D        | Found a glowing golden altar of the Shining One.
   428 | D        | Became a worshipper of Vehumet
   476 | D        | Noticed a hornet
   476 | D        | Noticed a hippogriff
   476 | D        | Noticed an ice beast
   476 | D        | Noticed a yak
   481 | D        | Paralysed by a hornet for 2 turns
   483 | D        | Slain by a hornet

Skill      XL: |  1 |
---------------+----+-----
Dodging        | 3 |  3.5
Stealth        | 2 |  2.9
Fire Magic     | 5 |  5.7
Unarmed Combat | 2 |  2.8
Spellcasting   | |  2.7
Conjurations   | |  1.6

Action                   || total
-------------------------++-------
Melee: Unarmed           ||    49
       Tailslap          ||     4
 Cast: Flame Tongue      ||     7
  Use: Potion            ||     2
Armor: Skin              ||    12
Dodge: Dodged            ||    34
